 Dungeon Crawl Stone Soup version 0.31-a0-174-g85c54bcb58 (webtiles) character file.

Game seed: 14999213661069053053

404 qw the Chopper (level 6, -6/38 HPs)
             Began as a Gargoyle Fighter on June 15, 2023.
             Killed by divine providence
             ... invoked by an orc priest
              (12 damage)
             ... on level 5 of the Dungeon.
             The game lasted 00:01:26 (3463 turns).

qw the Chopper (Gargoyle Fighter)                   Turns: 3463, Time: 00:01:27

Health: -6/38      AC: 17    Str: 21    XL:     6   Next: 86%
Magic:  6/6        EV:  7    Int:  9    God:
Gold:   253        SH:  4    Dex:  9    Spells: 5/5 levels left

rFire   . . .        Y - +1 war axe
rCold   . . .        c - +0 buckler
rNeg    + . .        o - +0 chain mail
rPois   inf          (no helmet)
rElec   +            j - +0 cloak
rCorr   .            i - +0 pair of gloves
SInv    .            b - +0 pair of boots
Will    +....        (no amulet) Stlth
                     e - +4 ring of slaying {mikee}
HPRegen 0.26/turn    s - ring of willpower
MPRegen 0.10/turn

%: no passive effects
@: no status effects
A: sickness immunity, AC +4, negative energy resistance 1, electricity
resistance, torment resistance 1, petrification resistance
a: no special abilities


You were on level 5 of the Dungeon.
You visited 1 branch of the dungeon, and saw 5 of its levels.

You collected 253 gold pieces.


Innate Abilities, Weirdness & Mutations

You are immune to sickness and miasma.
Your stone body is resilient. (AC +4)
You are immune to poison.
You resist negative energy. (rN+)
You are resistant to electric shocks. (rElec)
You are resistant to unholy torment.
You are immune to petrification.


   Skills:
 - Level 4.2 Fighting
 - Level 6.0 Axes
 - Level 3.2 Armour
 + Level 0.2 Dodging
 - Level 3.2 Shields


You had 5 spell levels left.
You didn't know any spells.
Your spell library was empty.

Inventory:

Hand Weapons
 a - a +0 flail
 Y - a +1 war axe (weapon)
Armour
 b - a +0 pair of boots (worn)
 c - a +0 buckler (worn)
 i - a +0 pair of gloves (worn)
 j - a +0 cloak (worn)
 o - a +0 chain mail (worn)
Jewellery
 e - a +4 ring of slaying (left hand) {mikee}
 s - a ring of willpower (right hand)
Scrolls
 r - a scroll of identify
Potions
 d - a potion of might
 f - a potion of heal wounds {unknown}
 g - a potion of haste {unknown}
 h - a potion of mutation {unknown}
 k - a potion of curing
 l - a potion of brilliance {unknown}
 m - a potion of berserk rage {unknown}
 n - a potion of enlightenment {unknown}

Dungeon Overview and Level Annotations

Branches:
Dungeon (5/15)
 Temple: D:4-7

Altars:
Cheibriados
Fedhas
Ru
Trog
Yredelemnul

Annotations:
D:5 Pikel


Message History

The orc priest mumbles some strange prayers to Beogh against you.
You resist with some effort. The lemure closely misses you.
You closely miss the gnoll.
The gnoll is almost dead.
You slash the lemure! You block the gnoll's attack.
The gnoll hits you but does no damage. The lemure hits you but does no damage.
You hit the gnoll.
You kill the gnoll!
You closely miss the lemure. The gnoll hits you but does no damage.
Pikel, Merchant of Souls comes into view.
He is wielding a +0 whip of freezing.
The lemure hits you but does no damage.
You closely miss the lemure.
The lemure is heavily wounded.
The gnoll hits you but does no damage.
The orc priest begins to cast a cantrip, but forgets the words!
The lemure hits you.
You hit the lemure.
The lemure is severely wounded.
You block the gnoll's attack.
The orc priest mumbles some strange prayers to Beogh against you.
Beogh smites you!
A lemure comes into view.
The lemure hits you.
You slash the lemure!
The lemure is almost dead.
The gnoll hits you but does no damage. The lemure hits you.
The lemure hits you but does no damage.
The orc priest hits you but does no damage.
The lemure hits you. You block the gnoll's attack.
You hit the lemure.
You kill the lemure!
That felt strangely unrewarding.
You barely miss the lemure. You closely miss the orc priest.
An ufetubus comes into view.
The hound bites you.
The orc priest calls down the wrath of Beogh upon you.
Beogh smites you!
You die...

....... .....$.
.......
####.......
......(... #
##.........
..#.##..........
......5#o#
.....gh@<#
.55.K.###..#
..... .## ..#.
.# ... .# #. .#
. .#


You could see Pikel, 2 lemures, a hound, an orc priest, a gnoll and an ufetubus
(wandering).

Vanquished Creatures
  2 lemures
  A scorpion (D:4)
  2 hounds (D:4)
  A gnoll bouda (D:4)
  2 orc priests
  An iguana (D:4)
  An orc wizard (D:2)
  2 gnolls
  3 adders
  An ufetubus (D:4)
  3 dart slugs
  15 orcs
  7 endoplasms
  4 giant cockroaches
  8 goblins
  5 hobgoblins
  3 quokkas
  2 ball pythons (D:3)
  4 bats
  3 frilled lizards
  6 kobolds
  2 rats
78 creatures vanquished.

Notes
Turn   | Place    | Note
-------+----------+-------------------------------------------
     0 | D:1      | qw the Gargoyle Fighter began the quest for the Orb.
     0 | D:1      | Reached XP level 1. HP: 14/14 MP: 1/1
     0 | D:1      | 0 ||| qw: Version: 0.2-a-29-g511e9b1
     0 | D:1      | 0 ||| qw: Game counter: 5380
     0 | D:1      | 0 ||| qw: Always use a shield: true
     0 | D:1      | 0 ||| qw: God list: Okawaru
     0 | D:1      | 0 ||| qw: Allow faded altars: false
     0 | D:1      | 0 ||| qw: Do Orc after D:15 true
     0 | D:1      | 0 ||| qw: Do second Lair branch before Depths: true
     0 | D:1      | 0 ||| qw: Lair rune preference: random
     0 | D:1      | 0 ||| qw: Plans: Normal, Zot:1-4, Slime:5, God:TSO, Crypt,
                  | Tomb, Abyss, Pan, Hells, Win
     0 | D:1      | 0 ||| PLANNING D:1-11
    61 | D:1      | Reached skill level 2 in Axes
   191 | D:1      | Reached XP level 2. HP: 18/19 MP: 2/2
   253 | D:1      | 253 ||| DROPPING +0 whip.
   629 | D:1      | 629 ||| UPGRADING to +0 pair of gloves.
   634 | D:1      | 634 ||| UPGRADING to +4 ring of slaying {mikee}.
   635 | D:1      | 635 ||| READING scroll labelled WUXZEFO EVERPHY.
   657 | D:2      | Reached skill level 3 in Axes
   657 | D:2      | Reached XP level 3. HP: 17/23 MP: 3/3
   662 | D:2      | Reached skill level 4 in Axes
   662 | D:2      | Reached XP level 4. HP: 9/28 MP: 4/4
   675 | D:2      | 675 ||| FLEEEEING.
   676 | D:2      | 676 ||| FLEEEEING.
   677 | D:2      | 677 ||| STAIRDANCE
   946 | D:2      | 946 ||| Stepping ~*~*~tactically~*~*~ (stealth).
  1022 | D:2      | Found a faded altar of an unknown god.
  1158 | D:2      | 1158 ||| Stepping ~*~*~tactically~*~*~ (hiding).
  1618 | D:2      | 1618 ||| UPGRADING to +0 cloak.
  1623 | D:2      | 1623 ||| DROPPING ring of flight.
  1624 | D:2      | 1624 ||| READING 2 scrolls labelled ZOSERU DYIXOWICH.
  1625 | D:2      | 1625 ||| DROPPING scroll of amnesia.
  1762 | D:3      | 1762 ||| Stepping ~*~*~tactically~*~*~ (stealth).
  1780 | D:3      | Found a snail-covered altar of Cheibriados.
  1781 | D:3      | Found a bloodstained altar of Trog.
  1792 | D:3      | 1792 ||| Stepping ~*~*~tactically~*~*~ (stealth).
  1812 | D:3      | Reached XP level 5. HP: 32/32 MP: 5/5
  1895 | D:3      | 1895 ||| Stepping ~*~*~tactically~*~*~ (stealth).
  2023 | D:3      | Found a blossoming altar of Fedhas.
  2023 | D:3      | Found a sacrificial altar of Ru.
  2171 | D:3      | 2171 ||| Stepping ~*~*~tactically~*~*~ (stealth).
  2458 | D:3      | 2458 ||| UPGRADING to +0 chain mail.
  2468 | D:3      | 2468 ||| DROPPING +0 scale mail.
  2469 | D:3      | 2469 ||| UPGRADING to ring of willpower.
  2470 | D:3      | 2470 ||| READING scroll labelled LOJYENG KOCUA.
  2471 | D:3      | 2471 ||| READING scroll labelled TIBOMA ECWEE.
  2472 | D:3      | 2472 ||| READING scroll labelled FOGOES ZUKI.
  2476 | D:3      | 2476 ||| READING 2 scrolls of identify.
  2476 | D:3      | 2476 ||| IDENTIFYING orange potion
  2477 | D:3      | 2477 ||| DROPPING potion of degeneration.
  2510 | D:4      | 2510 ||| Stepping ~*~*~tactically~*~*~ (hiding).
  2534 | D:4      | Found a basalt altar of Yredelemnul.
  2604 | D:4      | 2604 ||| DROPPING +0 mace.
  2800 | D:4      | Reached skill level 5 in Axes
  2975 | D:4      | Reached XP level 6. HP: 38/38 MP: 6/6
  3132 | D:4      | 3132 ||| UPGRADING to +0 pair of boots.
  3137 | D:4      | 3137 ||| DRINKING 2 lumpy white potions.
  3154 | D:5      | Entered Level 5 of the Dungeon
  3155 | D:5      | 3155 ||| PLANNING SEWER
  3159 | D:5      | 3159 ||| STAIRDANCE
  3201 | D:5      | 3201 ||| STAIRDANCE
  3219 | D:5      | 3219 ||| STAIRDANCE
  3238 | D:4      | Reached skill level 6 in Axes
  3357 | D:5      | 3357 ||| STAIRDANCE
  3459 | D:5      | Noticed Pikel
  3463 | D:5      | HP: 6/38 [hound (5)]
  3463 | D:5      | Killed from afar by an orc priest

Levels and vault maps discovered:
D:1:      lemuel_arrival_lava_pool, layout_loops_cross, serial_glass,
          glass_columns_a, glass_columns_c, item_on_display_a,
          minmay_strange_pillars, minmay_strange_pillars, minmay_strange_pillars
D:2:      cheibrodos_pilgrimage, layout_basic,
          shapermc_ecumenical_altar_mp_urbaneastern
D:3:      minmay_angry_zag, layout_loops_ring, nicolae_overflow_two_pavilions,
          nicolae_overflow_squiral, minmay_misc_feat_doors
D:4:      layout_gridville, lemuel_doored_altar
D:5:      layout_rooms, gup_sewer_entry_bubbles, uniq_pikel, uniq_menkaure

Skill      XL: |  1  2  3  4  5  6 |
---------------+-------------------+-----
Axes           | 2 3 4 5 6 |  6.0
Fighting       | 4 |  4.2
Armour         | |  3.2
Dodging        | |  0.2
Shields        | |  3.2

Action                     |  1- 3 |  4- 6 || total
---------------------------+-------+-------++-------
  Melee: War axe           |    40 |   146 ||   186
  Throw: Boomerang         |       |     2 ||     2
    Use: Scroll            |     1 |     5 ||     6
         Potion            |       |     1 ||     1
 Armour: Scale mail        |    12 |    38 ||    50
         Chain mail        |       |    55 ||    55
  Dodge: Dodged            |    12 |    52 ||    64
  Block: Buckler           |     5 |    30 ||    35

Table legend:
 A = Non-vault XP
 B = Vault XP
 C = Vault XP percentage of total XP
 D = Non-vault monster count
 E = Vault monster count
 F = Vault count percentage of total count
                 A         B        C        D         E       F
            +---------+---------+-------+---------+---------+-------
      Total |     483 |      95 |  16.4 |      67 |       9 |  11.8
            +---------+---------+-------+---------+---------+-------
        D:1 |      17 |       0 |   0.0 |      12 |       0 |   0.0
        D:2 |      30 |      88 |  74.6 |      15 |       6 |  28.6
        D:3 |      57 |       7 |  10.9 |      19 |       3 |  13.6
        D:4 |     365 |       0 |   0.0 |      20 |       0 |   0.0
        D:5 |      14 |       0 |   0.0 |       1 |       0 |   0.0
            +---------+---------+-------+---------+---------+-------
